 Dungeon Sprint DCSS version 0.21.1-1-g345015f (webtiles) character file.

3677 cultivahabas the Basher (level 10, -2/71 HPs)
             Began as a Gargoyle Fighter on May 22, 2018.
             Was a Priest of Okawaru.
             Slain by a deep troll (6 damage)
             ... in the Dungeon (Sprint I: "Red Sonja").
             The game lasted 00:04:22 (1585 turns).

cultivahabas the Basher (Gargoyle Fighter)          Turns: 1585, Time: 00:04:23

Health: -2/71      AC: 17    Str: 21    XL:     10   Next: 13%
Magic:  9/11       EV: 12    Int:  8    God:    Okawaru [***...]
Gold:   459        SH: 15    Dex: 12    Spells: 9/9 levels left

rFire    . . .     SeeInvis .   a - +0 flail
rCold    . . .     Gourm    .   c - +0 shield
rNeg     + . .     Faith    .   b - +0 scale mail
rPois    ∞         Spirit   .   (no helmet)
rElec    +         Reflect  .   (no cloak)
rCorr    .         Harm     .   (no gloves)
MR       .....     NoTele   +   (no boots)
Stlth    +.........             (no amulet)
HPRegen  0.21/turn              (no ring)
MPRegen  0.12/turn              (no ring)

@: heroism
A: negative energy resistance 1, electricity resistance, unbreathing,
petrification resistance, rot immunity, AC +7
a: Heroism, Renounce Religion


You were in the Dungeon.
You worshipped Okawaru.
Okawaru was most pleased with you.
You were very hungry.

You visited 1 branch You collected 459 gold pieces.

Inventory:

Hand Weapons
 a - a +0 flail (weapon)
Armour
 b - a +0 scale mail (worn)
 c - a +0 shield (worn)
Wands
 l - a wand of paralysis (11)
 m - a wand of clouds (6)
Scrolls
 k - a scroll of blinking
Potions
 d - a potion of might
 e - a potion of curing
 g - a potion of heal wounds
 h - 2 potions of haste
 i - 2 potions of magic
 j - a potion of degeneration {unknown}
Comestibles
 f - 2 rations


   Skills:
 - Level 12.1(17.1) Fighting
 * Level 13.2(18.2) Maces & Flails
 + Level 11.0(16.0) Armour
 * Level 13.0(18.0) Shields
 - Level 2.5 Invocations


You had 9 spell levels left.
You didn't know any spells.

Dungeon Overview and Level Annotations

Branches:
Dungeon (1/1)

Altars:
Cheibriados
Dithmenos
Elyvilon
Fedhas
Gozag
Hepliaklqana
Kikubaaqudgha
Makhleb
Nemelex Xobeh
Okawaru
Qazlal
Ru
Sif Muna
Trog
Uskayaw
Vehumet
Wu Jian
Xom
Yredelemnul
Zin
The Shining One
Jiyva
Lugonu

Shops:
D :


Innate Abilities, Weirdness & Mutations

You are resistant to torment.
Your stone body is resilient. (AC +7)
You are immune to poison.
You resist negative energy. (rN+)
You are resistant to electric shocks. (rElec)
You can survive without breathing.
You are immune to petrification.
You are immune to rotting.


Message History

The deep troll barely misses you. You block the deep troll's attack.
The deep troll barely misses you.
You hit the deep troll.
The deep troll is moderately wounded.
You completely miss the deep troll.
The deep troll is moderately wounded.
The deep troll bites you!
* * * LOW HITPOINT WARNING * * *
The deep troll barely misses you. You block the deep troll's attack.
You closely miss the deep troll.
The deep troll is moderately wounded.
The deep troll bites you!
* * * LOW HITPOINT WARNING * * *
You block the deep troll's attack. The deep troll misses you.
You sock the deep troll!
The deep troll is severely wounded.
You hit the deep troll.
The deep troll is severely wounded.
You block the deep troll's attack. x2; The deep troll claws you.
You die...

#..#####'#####'#__####...+
#..####..# #(####(§#####
#..#__#### ##§#§§§§§#..#
#..#_____##+#§§'§≈§§§'..#
#⌠⌠#_.∩...').(_#≈§§§.#..#
####_..__##_(#(##+#####'#
#_____###'#)# #.+
#########.####+### ###
+..@T$$.$$+ #..$#######
##.## #+#


You could see a deep troll.

Vanquished Creatures
  2 centaur warriors (D)
  Sonja (D)
  An oklob plant (D)
  2 kobold demonologists (D)
  A hornet (D)
  A slime creature (D)
  A yak (D)
  Sigmund (D)
  A floating eye (D)
  An ogre (D)
  A jelly (D)
  Ijyb (D)
14 creatures vanquished.

Vanquished Creatures (others)
  2 hornets (D)
2 creatures vanquished.

Grand Total: 16 creatures vanquished

Notes
Turn   | Place    | Note
-------+----------+-------------------------------------------
     0 | D        | cultivahabas the Gargoyle Fighter began the quest for the Orb.
     0 | D        | Reached XP level 1. HP: 14/14 MP: 1/1
   102 | D        | Noticed Ijyb
   113 | D        | Killed Ijyb
   113 | D        | Reached XP level 2. HP: 20/20 MP: 2/2
   113 | D        | Reached XP level 3. HP: 24/24 MP: 3/3
   263 | D        | Noticed an ogre
   270 | D        | Killed an ogre
   270 | D        | Reached skill level 5 in Fighting
   270 | D        | Reached skill level 5 in Armour
   270 | D        | Reached skill level 5 in Shields
   270 | D        | Reached XP level 4. HP: 4/31 MP: 4/4
   639 | D        | Noticed Sigmund
   647 | D        | Killed Sigmund
   647 | D        | Reached XP level 5. HP: 28/37 MP: 5/5
   647 | D        | Reached XP level 6. HP: 31/42 MP: 6/6
   719 | D        | Found a deep blue altar of Sif Muna.
   720 | D        | Found an ornate altar of the Wu Jian Council.
   721 | D        | Found a radiant altar of Vehumet.
   738 | D        | Found Imehor's Book Emporium.
   738 | D        | Found an ancient bone altar of Kikubaaqudgha.
   738 | D        | Found a hazy altar of Hepliaklqana.
   738 | D        | Found a stormy altar of Qazlal.
   738 | D        | Found a hide-covered altar of Uskayaw.
   738 | D        | Found a blossoming altar of Fedhas.
   738 | D        | Found a bloodstained altar of Trog.
   738 | D        | Found an iron altar of Okawaru.
   738 | D        | Found a basalt altar of Yredelemnul.
   738 | D        | Found a glowing golden altar of the Shining One.
   738 | D        | Found a snail-covered altar of Cheibriados.
   738 | D        | Found a sacrificial altar of Ru.
   738 | D        | Found a glowing silver altar of Zin.
   738 | D        | Found a shadowy altar of Dithmenos.
   738 | D        | Found a white marble altar of Elyvilon.
   738 | D        | Noticed a yak
   746 | D        | Killed a yak
   746 | D        | Reached XP level 7. HP: 40/48 MP: 7/7
   747 | D        | Found an opulent altar of Gozag.
   748 | D        | Found a sparkling altar of Nemelex Xobeh.
   756 | D        | Became a worshipper of Warmaster Okawaru
   769 | D        | Found a viscous altar of Jiyva.
   769 | D        | Found a corrupted altar of Lugonu.
   769 | D        | Noticed a slime creature
   770 | D        | Found a burning altar of Makhleb.
   770 | D        | Found a shimmering altar of Xom.
   780 | D        | Killed a slime creature
   916 | D        | Noticed a centaur warrior
   922 | D        | Noticed a centaur warrior
   929 | D        | Killed a centaur warrior
   929 | D        | Reached * piety under Okawaru
   929 | D        | Reached skill level 10 in Fighting
   929 | D        | Reached skill level 10 in Shields
   929 | D        | Reached XP level 8. HP: 28/58 MP: 8/8
   949 | D        | Killed a centaur warrior
   949 | D        | Reached ** piety under Okawaru
   949 | D        | Reached XP level 9. HP: 15/64 MP: 9/9
  1168 | D        | Killed a hornet
  1197 | D        | Noticed a kobold demonologist
  1200 | D        | Noticed a kobold demonologist
  1209 | D        | Noticed a hellwing
  1209 | D        | Killed a kobold demonologist
  1209 | D        | Reached skill level 10 in Armour
  1209 | D        | Reached skill level 1 in Invocations
  1218 | D        | Noticed a soul eater
  1221 | D        | Killed a kobold demonologist
  1243 | D        | Killed a hornet
  1252 | D        | Noticed a hornet
  1260 | D        | Killed a hornet
  1273 | D        | Noticed an oklob plant
  1297 | D        | Killed an oklob plant
  1297 | D        | Reached *** piety under Okawaru
  1529 | D        | Noticed Sonja
  1541 | D        | Killed Sonja
  1541 | D        | Reached XP level 10. HP: 66/71 MP: 9/11
  1556 | D        | Noticed a deep troll
  1585 | D        | Slain by a deep troll

Skill      XL: |  1  2  3  4  5  6  7  8  9 |
---------------+----------------------------+-----
Fighting       | 4 5 6 7 10 11 12 | 12.1
Maces & Flails | 4 6 8 9 11 13 | 13.2
Armour         | 4 5 6 7 9 11 | 11.0
Shields        | 4 5 6 7 10 11 13 | 13.0
Invocations    | 2 |  2.5

Action                   |  1- 3 |  4- 6 |  7- 9 | 10-12 || total
-------------------------+-------+-------+-------+-------++-------
Melee: Flail             |    17 |    17 |    90 |    24 ||   148
Invok: Heroism           |       |       |     2 |     2 ||     4
Evoke: Wand              |       |       |     1 |       ||     1
  Use: Potion            |     1 |       |       |     1 ||     2
 Stab: Paralysed         |       |       |     2 |       ||     2
  Eat: Chunk             |       |       |     1 |       ||     1
Armor: Scale mail        |     2 |     2 |    24 |     9 ||    37
Dodge: Dodged            |     1 |     4 |    14 |    12 ||    31
Block: Shield            |     6 |     8 |    35 |    24 ||    73
